 Dungeon Crawl Stone Soup version 0.28.0 (webtiles) character file.

Game seed: 14514849099403009099

21 Descartes the Grasshopper (level 3, 0/27 HPs)
             Began as a Formicid Warper on Feb 7, 2022.
             Slain by a worm (5 damage)
             ... on level 2 of the Dungeon.
             The game lasted 00:01:37 (826 turns).

Descartes the Grasshopper (Formicid Warper)          Turns: 826, Time: 00:01:37

Health: 0/27       AC:  3    Str: 17    XL:     3   Next: 2%
Magic:  6/6        EV: 11    Int: 12    God:
Gold:   53         SH:  0    Dex: 10    Spells: 6/6 levels left

rFire   . . .      SeeInvis +   a - +0 hand axe
rCold   . . .      Faith    .   (no shield)
rNeg    . . .      Spirit   .   b - +0 leather armour
rPois   .          Reflect  .   (helmet unavailable)
rElec   .          Harm     .   (no cloak)
rCorr   .          Rampage  .   (no gloves)
Will    .....                   (no boots)
Stlth   +.........              (no amulet)
HPRegen 0.09/turn               (no ring)
MPRegen 0.10/turn               (no ring)

@: no status effects
A: permanent stasis, dig shafts and tunnels, antennae 3, four strong arms
a: Dig, Shaft Self


You were on level 2 of the Dungeon.
You visited 1 branch of the dungeon, and saw 2 of its levels.

You collected 53 gold pieces.

Inventory:

Hand Weapons
 a - a +0 hand axe (weapon)
Missiles
 c - 5 boomerangs of dispersal (quivered)
 f - 34 stones
Armour
 b - a +0 leather armour (worn)
Scrolls
 d - 4 scrolls of identify {unknown}
 g - a scroll of teleportation {unknown}
Potions
 e - a potion of invisibility {unknown}
 h - 2 potions of flight {unknown}
 i - a potion of curing {unknown}


   Skills:
 - Level 2.1 Fighting
 * Level 2.7 Axes
 - Level 1.0 Throwing
 + Level 1.7 Armour
 - Level 1.7 Dodging
 - Level 2.1 Spellcasting
 + Level 2.9 Translocations


You had 6 spell levels left.
You didn't know any spells.
Your spell library contained the following spells:

 Spells                   Type           Power      Damage    Failure   Level
 Gell's Gravitas          Tloc           8%         N/A       28%         3
 Lesser Beckoning         Tloc           8%         N/A       28%         3
 Teleport Other           Tloc           8%         N/A       28%         3
 Manifold Assault         Tloc           8%         N/A       95%         5
 Fireball                 Conj/Fire      0%         3d3       100%        5
 Starburst                Conj/Fire      0%         6d3       100%        6
 Ignition                 Fire           0%         3d3       100%        8
 Blink                    Tloc           Unusable   N/A       N/A         2

Dungeon Overview and Level Annotations

Branches:
Dungeon (2/15)

Altars:

Shops:
D:1 [


Innate Abilities, Weirdness & Mutations

You cannot be hasted, slowed, berserked, paralysed or teleported.
You can dig through walls and to a lower floor.
You have a pair of large antennae on your head. (SInv)
Your four strong arms can wield two-handed weapons with a shield.


Message History

There is a stone staircase leading down here.
You now have 53 gold pieces (gained 6).
h - 2 coppery potions (gained 1)
Found a stone staircase leading up.
Found a book of Displacement.
There is a stone staircase leading up here.
A worm comes into view.
The worm bites you!
You hit the worm.
The worm is lightly wounded.
The worm bites you.
You hit the worm.
The worm is lightly wounded.
You hit the worm.
The worm is moderately wounded.
The worm bites you!
* * * LOW HITPOINT WARNING * * *
You are too injured to fight recklessly!
You are too injured to fight recklessly!
You are too injured to fight recklessly!
You are too injured to fight recklessly!
You are too injured to fight recklessly!
You are too injured to fight recklessly!
You are too injured to fight recklessly!
You are too injured to fight recklessly!
You are too injured to fight recklessly!
You are too injured to fight recklessly!
You are too injured to fight recklessly!
You are too injured to fight recklessly!
You are too injured to fight recklessly!
You hit the worm.
The worm is moderately wounded.
The worm bites you.
* * * LOW HITPOINT WARNING * * *
You completely miss the worm.
The worm is lightly wounded.
You hit the worm.
The worm is moderately wounded.
The worm bites you.
You die...

#.# #.# #.#
#.# #.# #.#
#.# #.# #.#
#.# #.# #.#
#.# #.#
#.#########
#...@w....#
#########.#


You could see a worm.

Vanquished Creatures
  An endoplasm (D:1)
  3 giant cockroaches (D:1)
  3 goblins (D:1)
  4 hobgoblins (D:1)
  2 kobolds (D:1)
  A ball python (D:2)
  A bat (D:1)
  A frilled lizard (D:1)
  2 rats (D:1)
18 creatures vanquished.

Notes
Turn   | Place    | Note
-------+----------+-------------------------------------------
     0 | D:1      | Descartes the Formicid Warper began the quest for the Orb.
     0 | D:1      | Reached XP level 1. HP: 16/16 MP: 3/3
   282 | D:1      | Reached XP level 2. HP: 14/22 MP: 5/5
   451 | D:1      | Found Cuffies's Armour Shop.
   603 | D:1      | Reached XP level 3. HP: 22/27 MP: 6/6
   826 | D:2      | Slain by a worm

Illustrated notes

Levels and vault maps discovered:
D:1:      giann_wishing_wells, layout_rooms, serial_shops,
          nicolae_shop_hallway_plus
D:2:      layout_loops_ring, basic_altar, shapermc_ecumenical_altar_ellora,
          uniq_terence

Action                   || total
-------------------------++-------
Melee: Hand axe          ||    60
Armor: Leather armour    ||    24
Dodge: Dodged            ||    28
